Cogmind - Beta 17 @@@ ROGUE MODE // 2026.07.28 @ 21:37:36 Player: kite Result: Self-destructed Performance ------------- Evolutions (3) 1500 Regions Visited (11) 2200 Robots Destroyed (206) 1030 Value Destroyed (5553) 5553 Prototype IDs (25) 500 Alien Tech Used (0) 0 Bonus (769) 769 TOTAL SCORE: 11552 Bonus ------- High Alert Combat Kills 269 Entered Garrisons 200 Aligned with FarCom 300 Cogmind --------- Core Integrity 407/700 Matter 113/300 Energy 100/100 System Corruption 5% Temperature Cool (0) Movement Core (50) Location -7/Waste Parts ------- > --- POWER (1) -------- (None) > --- PROPULSION (5) --- (None) > --- UTILITY (5) ------ (None) > --- WEAPON (2) ------- (None) > --- INVENTORY (5) ---- Cargo Storage Unit AWS/Gauss Remote Datajack Peak State ------------ > --- POWER ------------ Micro Nuclear Core > --- PROPULSION ------- Medium Treads Medium Treads Medium Treads Improved Heavy Treads > --- UTILITY ---------- Huge Storage Unit Improved Sensor Array Improved Signal Interpreter Improved Melee Analysis Suite Hardened Medium Armor Plating > --- WEAPON ----------- Powered Hammer Chainsword > --- INVENTORY -------- Light Nuclear Core Light Treads Advanced Treads Medium Treads Medium Treads Cargo Storage Unit Medium Matter Pod Improved Sensor Array Matter Filter Transmission Jammer Cloak of Protection Hardened Medium Armor Plating Hacking Suite Supersonic Drone Bay AWS/Gauss Improved Grenade Launcher Improved Grenade Launcher Improved Grenade Launcher Remote Datajack Plasma Cutter Heavy Mace Chainsword Chainsword [Rating: 61] Favorites ----------- Power Light Ion Engine Engine Light Ion Engine Power Core Micro Nuclear Core Propulsion Light Treads Treads Light Treads Wheel Compact Wheel Utility High-capacity Storage Unit Device Improved Sensor Array Storage High-capacity Storage Unit Processor Melee Analysis Suite Protection Hardened Medium Armor Plating Weapon Shock Rifle Energy Gun Shock Rifle Ballistic Gun Enhanced Autogun Ballistic Cannon Light Cannon Launcher Improved Grenade Launcher Special Weapon Plasma Cutter Impact Weapon Heavy Hammer Slashing Weapon Chainsword Build | -11 -10 -10 -9 -9 -9 -8 -8 -8 -8 -7 -7 ------- Run | Yrd Mat Min Mat Min Exi Min Mat Sto Gar Fac Was Slots Evolved 6 | . . . 2 . . . 2 . . 2 . Power . | . . . . . . . . . . . . Propulsion 3 | . . . 2 . . . 1 . . . . Utility 3 | . . . . . . . 1 . . 2 . Weapon . | . . . . . . . . . . . . Parts Attached 107 | 6 6 . 15 7 2 . 24 10 3 30 4 Power 7 | 1 . . . 1 . . 1 3 . 1 . Engine 5 | 1 . . . 1 . . 1 2 . . . Core 2 | . . . . . . . . 1 . 1 . Reactor . | . . . . . . . . . . . . Propulsion 37 | 2 . . 8 1 . . 11 4 2 8 1 Treads 35 | 2 . . 8 1 . . 11 4 2 6 1 Leg . | . . . . . . . . . . . . Wheel 2 | . . . . . . . . . . 2 . Hover . | . . . . . . . . . . . . Flight . | . . . . . . . . . . . . Utility 31 | 1 3 . 1 1 1 . 8 3 . 12 1 Device 9 | . . . 1 . . . 1 2 . 4 1 Storage 8 | 1 1 . . . 1 . 1 . . 4 . Processor 4 | . 1 . . . . . . 1 . 2 . Hackware . | . . . . . . . . . . . . Protection 10 | . 1 . . 1 . . 6 . . 2 . Artifact . | . . . . . . . . . . . . Weapon 32 | 2 3 . 6 4 1 . 4 . 1 9 2 Energy Gun 7 | 2 . . 4 1 . . . . . . . Energy Cannon . | . . . . . . . . . . . . Ballistic Gun 3 | . . . 2 . 1 . . . . . . Ballistic Cannon 3 | . 3 . . . . . . . . . . Launcher 4 | . . . . . . . 1 . 1 . 2 Special Weapon 2 | . . . . . . . . . . 2 . Impact Weapon 7 | . . . . 3 . . 1 . . 3 . Slashing Weapon 6 | . . . . . . . 2 . . 4 . Piercing Weapon . | . . . . . . . . . . . . Special Melee Weapon . | . . . . . . . . . . . . Unidentified Prototypes 2 | . . . 1 . . . . 1 . . . Corrupted Parts 5 | . . . 5 . . . . . . . . System Corruption 22 | . . . 22 . . . . . . . . Parts Lost 25 | . 1 . 3 3 . . 1 1 5 3 8 Power 5 | . . . . 1 . . 1 1 . 1 1 Propulsion 11 | . . . 1 1 . . . . 5 1 3 Utility 3 | . . . . . . . . . . 1 2 Weapon 6 | . 1 . 2 1 . . . . . . 2 Highest Loss Streak 8 | . 1 . 1 2 . . 1 1 3 2 8 To Critical Strikes . | . . . . . . . . . . . . Average Backups 14 | . 6 9 9 9 10 14 18 18 17 18 22 Power . | . 1 1 . . . . . . . . . Propulsion 3 | . . . 1 4 3 4 5 5 3 3 3 Utility 5 | . 2 5 5 2 4 6 7 7 7 6 8 Weapon 4 | . 2 3 2 1 3 4 5 5 5 6 6 Tool/Special . | . . . . . . . . . . . . Unused Backups 43 | . 1 1 14 1 . . 6 . . 9 11 Power 2 | . . . 1 . . . . . . . 1 Propulsion 11 | . . . 3 1 . . 1 . . 5 1 Utility 16 | . 1 1 4 . . . 3 . . 1 6 Weapon 13 | . . . 6 . . . 2 . . 3 2 Tool/Special 1 | . . . . . . . . . . . 1 Average Slot Usage (%) 97 | . 96 100 89 92 99 100 98 98 97 99 98 Engine 7 | . 14 14 11 10 11 11 8 6 9 3 . Core 1 | . . . . . . . . 2 . 3 7 Treads 39 | . 28 28 33 43 44 44 44 44 43 36 36 Device 4 | . . . 8 6 . . . 1 6 8 13 Storage 9 | . 14 14 11 11 11 11 9 9 9 7 7 Processor 6 | . 3 14 2 . . . . 8 9 14 15 Protection 6 | . 7 . . 4 11 11 16 7 2 5 1 Energy Gun 3 | . 1 . 21 6 . . . . . . . Ballistic Cannon 2 | . 26 28 . . . . . . . . . Impact Weapon 7 | . . . . 9 21 22 10 14 . 6 . Slashing Weapon 4 | . . . . . . . 7 3 17 7 2 Peak Build Rating 61 | 6 8 8 14 16 26 17 32 36 36 53 61 Average Rating 27 | 4 6 7 13 11 15 16 24 32 32 46 49 On Entrance 19 | . 6 7 8 14 13 16 17 32 36 28 51 Avg Prop Armor Cover (%) 16 | . . . 7 . . . . . . 17 . Naked Turns 1 | . . . . . . . . . . . 1 Heaviest Build 104 | 14 22 21 22 23 53 53 63 61 65 101 104 Greatest Support 128 | 40 40 40 80 80 80 80 108 108 106 128 126 Greatest Overweight (x) 1 | . . . . . . . . . . 1 1 Average Overweight (x) . | . . . . . . . . . . . . Largest Inventory Capacity 25 | 8 10 10 10 10 20 20 20 20 20 25 25 Average Capacity 16 | 6 9 10 10 10 14 20 20 20 20 21 24 Most Carried 25 | 2 10 10 10 10 15 16 20 20 20 25 25 Average Carried 15 | . 6 9 9 9 11 15 19 19 18 20 24 Final Capacity 25 | 8 10 10 10 10 20 20 20 20 20 25 5 Final Carried 25 | 2 9 10 9 10 15 16 20 20 19 25 5 Class Distribution -------------------- 44% | Gladiator 30% | Scavenger-Mutant 25% | Mutant Dominant Class ---------------- Mutant | -10/Materials Mutant | -10/Mines Mutant | -9/Materials Scavenger-Mutant | -9/Mines Scavenger-Mutant | -9/Exiles Scavenger-Mutant | -8/Mines Scavenger-Mutant | -8/Materials Gladiator | -8/Storage Gladiator | -8/Garrison Gladiator | -7/Factory Mutant | -7/Waste Resources | -11 -10 -10 -9 -9 -9 -8 -8 -8 -8 -7 -7 ----------- Run | Yrd Mat Min Mat Min Exi Min Mat Sto Gar Fac Was Matter Collected 3149 | 127 596 132 278 150 . 62 447 183 169 768 237 Remotely . | . . . . . . . . . . . . Salvage Created 8145 | . 515 43 1423 353 . 62 1792 932 1106 1452 467 Parts 401 | . 49 11 79 18 . 6 61 31 59 87 . Haulers Intercepted 14 | . 2 . 6 . . . 2 1 . 3 . Recyclers Shooed 3 | . . . 2 . . . . 1 . . . Parts Field Recycled . | . . . . . . . . . . . . Retrieved Matter . | . . . . . . . . . . . . Parts Self-Destructed . | . . . . . . . . . . . . Prevented . | . . . . . . . . . . . . Parts Restored . | . . . . . . . . . . . . Kills | -11 -10 -10 -9 -9 -9 -8 -8 -8 -8 -7 -7 ------- Run | Yrd Mat Min Mat Min Exi Min Mat Sto Gar Fac Was Combat Hostiles Destroyed 122 | . 12 6 16 8 . . 23 13 24 17 3 Melee 48 | . . . . . . . 12 7 15 14 . Guns 14 | . . . 11 3 . . . . . . . Cannons 17 | . 11 6 . . . . . . . . . AOE 24 | . 1 . 3 5 . . 4 . 8 . 3 Classes Destroyed 16 | . 9 . 3 1 . . . 1 1 . 1 Worker 18 | . 4 . 1 2 . . 6 1 . 4 . Builder 13 | . 1 . 3 . . 1 . 1 . 7 . Tunneler 6 | . 2 . . . . 2 1 . . 1 . Hauler 14 | . 2 . 6 . . . 2 1 . 3 . Recycler 21 | . 2 . 4 1 . . 9 2 . 3 . Mechanic 1 | . 1 . . . . . . . . . . Operator 2 | . . . 1 . . . . 1 . . . Watcher 9 | . 2 . 4 . . . 1 1 . 1 . Swarmer 37 | . 8 6 6 4 . . 9 . 4 . . Grunt 45 | . 4 . 6 2 . . 7 5 14 7 . Brawler 3 | . . . . 1 . . . . 1 1 . Duelist 2 | . . . 1 . . . . . 1 . . Sentry 19 | . . . 3 1 . . 7 6 1 1 . Hunter 5 | . . . . . . . . 2 . 3 . Programmer 8 | . . . . . . . . . 3 5 . Compactor 3 | . . . . . . . . . . . 3 Best Kill Streak 7 | . 6 3 5 4 . 1 7 3 6 5 2 Combat Bots Only 6 | . 4 3 3 4 . . 6 3 6 3 2 Max Kills in Single Turn 3 | . 3 1 2 3 . 1 2 1 2 1 1 Gunslinging . | . . . . . . . . . . . . Exploded 3 | . 1 . 2 3 . . 1 . 2 . 1 Melee 1 | . . . . . . . 1 1 1 1 . Uniques/NPCs Destroyed . | . . . . . . . . . . . . Combat | -11 -10 -10 -9 -9 -9 -8 -8 -8 -8 -7 -7 -------- Run | Yrd Mat Min Mat Min Exi Min Mat Sto Gar Fac Was Hostile Shots Fired 701 | . 63 28 86 30 . . 127 72 134 156 5 Missed 190 | . 24 5 22 5 . . 30 10 41 52 1 Hits 511 | . 39 23 64 25 . . 97 62 93 104 4 Melee 12 | . . . 4 1 . . . . 1 2 4 Projectile 499 | . 39 23 60 24 . . 97 62 92 102 . Critical Strikes 16 | . 1 . 1 . . . 2 1 5 5 1 Part Disruptions 2 | . . . . . . . . . 1 1 . Damage Taken 7178 | . 353 181 795 345 . . 1182 976 1457 1302 587 Core 1054 | . 71 16 145 99 . . 63 162 205 189 104 Absorbed by Shields . | . . . . . . . . . . . . Redirected to Shielding 53 | . 21 . . . . . 4 28 . . . Regen/Repaired (Parts) 362 | . . . . . . . 12 308 . 42 . Core Remaining (%) 56 | 100 . 65 . . . 39 . . 21 . . Volleys Fired 214 | . 55 10 85 21 . . 7 . 12 1 23 Largest 2 | . 2 2 2 2 . . 1 . 1 1 2 Hottest 125 | . 60 60 100 125 . . 36 . 36 5 72 Shots Fired 378 | . 109 20 165 28 . . 7 . 12 1 36 Gun 193 | . . . 165 28 . . . . . . . Cannon 129 | . 109 20 . . . . . . . . . Launcher 55 | . . . . . . . 7 . 12 . 36 Special 1 | . . . . . . . . . . 1 . Kinetic 129 | . 109 20 . . . . . . . . . Thermal 2 | . . . . 2 . . . . . . . Explosive 36 | . . . . . . . . . . . 36 Electromagnetic 210 | . . . 165 26 . . 7 . 12 . . Robot Hit Streak 12 | . 10 3 10 6 . . 2 . 3 2 12 Robot Miss Streak 9 | . 5 1 9 5 . . 1 . 1 . 1 Penetration Max . | . . . . . . . . . . . . Secondary Targets 1 | . . . 1 . . . . . . . . Max Gunslinging Chain 1 | . . . 1 . . . . . . . . Shots Hit Robots 449 | . 44 10 91 16 . 3 86 48 52 71 28 Core Hits 191 | . 27 6 33 11 . 1 32 9 34 24 14 Critical Kills 6 | . . . . . . 1 2 . . 3 . Critical Parts Destroyed 20 | . . . . 1 . 1 8 8 . 2 . Critical Strikes 52 | . 3 . 2 1 . 2 17 9 10 8 . Blast 3 | . 3 . . . . . . . . . . Corrupt 2 | . . . 2 . . . . . . . . Smash 27 | . . . . 1 . 2 11 8 . 5 . Sever 20 | . . . . . . . 6 1 10 3 . Melee Attacks 382 | . . . . 1 . 5 113 71 63 125 4 Impact 172 | . . . . 1 . 5 68 50 . 48 . Slashing 210 | . . . . . . . 45 21 63 77 4 Piercing . | . . . . . . . . . . . . Sneak Attacks 59 | . . . . 1 . 3 23 7 . 25 . Combat Hostiles 1 | . . . . . . . . . . 1 . Follow-up Attacks 27 | . . . . . . . 13 2 5 7 . Damage Inflicted 19885 | . 1280 197 1916 707 . 341 3970 1650 2408 3572 3844 Guns 1888 | . . . 1622 266 . . . . . . . Cannons 1200 | . 1003 197 . . . . . . . . . Explosions 6016 | . 277 . 294 329 . . 375 . 897 . 3844 Melee 10776 | . . . . 112 . 341 3591 1649 1511 3572 . Ramming 5 | . . . . . . . 4 1 . . . Kinetic 1200 | . 1003 197 . . . . . . . . . Thermal 922 | . . . 294 351 . . 59 . 218 . . Explosive 4121 | . 277 . . . . . . . . . 3844 Electromagnetic 2861 | . . . 1622 244 . . 316 . 679 . . Impact 5268 | . . . . 112 . 341 2271 956 . 1588 . Slashing 5508 | . . . . . . . 1320 693 1511 1984 . Piercing . | . . . . . . . . . . . . Highest Corruption 22 | . 2 2 22 22 22 22 . 4 8 5 5 Average Corruption 8 | . 2 2 13 22 22 22 . 3 5 2 5 Corruption Purged . | . . . . . . . . . . . . Corruption Blocked . | . . . . . . . . . . . . Effects 181 | . 11 1 13 58 26 8 . 10 17 31 6 Message Errors 50 | . 4 . 1 16 6 2 . 3 5 11 2 Matter Fused 46 | . 3 . 4 18 9 2 . 3 2 4 1 Heat Flow Errors 23 | . 1 . 3 7 2 3 . 2 3 2 . Energy Discharges 20 | . . . 4 6 3 . . . 1 5 1 Parts Rejected 1 | . . . . 1 . . . . . . . Parts Fused 3 | . . 1 . . . . . . 1 1 . Data Loss (minor) 21 | . 3 . . 3 5 . . 2 2 5 1 Data Loss (major) 8 | . . . . 3 1 . . . 2 1 1 Misfires 3 | . . . . 3 . . . . . . . Alerts 5 | . . . . 1 . 1 . . 1 2 . Weapon Failures 1 | . . . 1 . . . . . . . . Overload Shots . | . . . . . . . . . . . . Overflow Damage 2196 | . 56 . 2 116 . 180 670 311 41 780 40 Projectiles . | . . . . . . . . . . . . Explosions 114 | . 56 . 2 4 . . 10 . 2 . 40 Melee 2082 | . . . . 112 . 180 660 311 39 780 . Knockbacks 26 | . 10 2 . . . 1 3 5 . 5 . Impact 14 | . . . . . . 1 3 5 . 5 . Kinetic 12 | . 10 2 . . . . . . . . . Secondary . | . . . . . . . . . . . . Self-Inflicted Damage 706 | . . . 78 56 . . 9 77 54 . 432 Shots 20 | . . . 2 2 . . 1 1 4 . 10 Rammed 2 | . . . . . . . 1 1 . . . Targets Rammed 2 | . . . . . . . 1 1 . . . Kicked . | . . . . . . . . . . . . Crushed . | . . . . . . . . . . . . Highest Temperature 279 | . 279 . 270 246 265 250 13 149 173 220 . Average Temperature 76 | . 68 . 62 85 110 121 7 59 61 96 . Received Heat Transfer 1782 | . 81 . 135 111 . . 405 315 576 159 . Siege Activations . | . . . . . . . . . . . . Martial Activations . | . . . . . . . . . . . . Shielding Activations . | . . . . . . . . . . . . Robots Disrupted 1 | . . . . . . . . . 1 . . Combat Hostiles 1 | . . . . . . . . . 1 . . Robots Corrupted 35 | . . . 6 . . 1 11 10 1 6 . Combat Hostiles 19 | . . . 2 . . . 7 6 1 3 . Parts Fried 51 | . . . 16 . . 3 10 15 . 7 . Impact Corruptions 54 | . . . . 2 . 5 19 14 . 14 . Robots Melted . | . . . . . . . . . . . . Combat Hostiles . | . . . . . . . . . . . . Parts Melted 1 | . . . . 1 . . . . . . . Heat Transferred 1287 | . . . 300 537 . . 100 . 350 . . Parts Sabotaged . | . . . . . . . . . . . . Parts Stolen . | . . . . . . . . . . . . Parts Stripped . | . . . . . . . . . . . . Power Chain Reactions 13 | . . . 5 2 . . 2 . 4 . . Alert | -11 -10 -10 -9 -9 -9 -8 -8 -8 -8 -7 -7 ------- Run | Yrd Mat Min Mat Min Exi Min Mat Sto Gar Fac Was Maximum Alert Level 3 | . 1 . . . . . 1 . 3 2 . Low Security (%) 71 | 100 64 100 100 100 . 100 59 100 18 52 100 Level 1 19 | . 35 . . . . . 40 . 9 36 . Level 2 7 | . . . . . . . . . 51 11 . Level 3 1 | . . . . . . . . . 20 . . Level 4 . | . . . . . . . . . . . . Level 5 . | . . . . . . . . . . . . High Security . | . . . . . . . . . . . . Max Security . | . . . . . . . . . . . . Peak Influence 849 | . 266 193 153 171 . 5 351 178 849 556 193 Initial 445 | . . 73 43 57 . . . 146 115 445 193 Average 167 | . 110 151 48 37 . . 170 97 503 236 168 Influence Increases 4518 | . 455 140 545 259 . 15 869 555 784 838 58 Destroy 0b10 Robot/C 2380 | . 240 120 320 160 . . 460 260 480 340 . Destroy 0b10 Robot/NC 420 | . 70 . 95 15 . 15 95 35 . 95 . Destroy Leader 556 | . 58 20 100 20 . . 126 94 20 118 . Successful Hack 101 | . 14 . . . . . 46 19 . 22 . Disable Machine 240 | . 45 . . 30 . . 15 45 30 75 . Anti-Garrison Action 150 | . . . . . . . . . 150 . . Destroy Structure 266 | . 28 . 15 19 . . 7 27 74 38 58 Partial Spotted 30 | . . . . . . . 15 . . 15 . Lose Combat Pursuer 375 | . . . 15 15 . . 105 75 30 135 . Influence Decreases 4447 | . 266 216 511 406 . 15 522 724 113 1134 540 Entered New Map 1304 | . . 116 70 90 . . . 201 63 404 360 Time Decay 2883 | . 256 100 421 286 . 15 512 493 . 700 100 Lost Part 240 | . 10 . 20 30 . . 10 10 50 30 80 Lost Ally 20 | . . . . . . . . 20 . . . Squads Dispatched 20 | . 2 . 2 . . . 2 2 . 12 . Investigation 7 | . 1 . 2 . . . . 1 . 3 . Extermination 5 | . . . . . . . . . . 5 . Reinforcement 7 | . 1 . . . . . 2 . . 4 . Assault . | . . . . . . . . . . . . Garrison 1 | . . . . . . . . 1 . . . Intercept . | . . . . . . . . . . . . Searches Triggered . | . . . . . . . . . . . . Construction Impeded 1 | . . . . . . . . . . 1 . Haulers Reinforced 1 | . . . . . . . . . . 1 . Active Scanning Responses . | . . . . . . . . . . . . Cargo Convoy Interrupts . | . . . . . . . . . . . . Stealth | -11 -10 -10 -9 -9 -9 -8 -8 -8 -8 -7 -7 --------- Run | Yrd Mat Min Mat Min Exi Min Mat Sto Gar Fac Was Distress Signals 11 | . 1 . 6 . . . 3 1 . . . Communications Jammed . | . . . . . . . . . . . . Distress Signals . | . . . . . . . . . . . . Times Spotted 191 | . 19 5 32 9 . . 46 21 26 28 5 Peak Tracking Total 7 | . 4 3 4 3 . . 6 4 7 4 3 Tactical Retreats 21 | . 1 . 1 1 . . 7 2 2 7 . Traps | -11 -10 -10 -9 -9 -9 -8 -8 -8 -8 -7 -7 ------- Run | Yrd Mat Min Mat Min Exi Min Mat Sto Gar Fac Was Traps Triggered 12 | . 2 . 1 . . . 1 1 1 6 . Indirectly 1 | . . . . . . . . . 1 . . Trap Hack Attempts . | . . . . . . . . . . . . Triggered . | . . . . . . . . . . . . Disarmed . | . . . . . . . . . . . . Reprogrammed . | . . . . . . . . . . . . Reused . | . . . . . . . . . . . . Traps Extracted . | . . . . . . . . . . . . Installed . | . . . . . . . . . . . . Triggered . | . . . . . . . . . . . . Machines | -11 -10 -10 -9 -9 -9 -8 -8 -8 -8 -7 -7 ---------- Run | Yrd Mat Min Mat Min Exi Min Mat Sto Gar Fac Was Machines Disabled 21 | . 3 . 1 2 . . 1 3 6 5 . Max in Single Turn 2 | . 2 . 1 2 . . 1 1 2 1 . Garrison Access 1 | . . . . . . . . . . 1 . Garrison Relay 2 | . . . . . . . . . 2 . . Phase Generator 1 | . . . . . . . . . 1 . . Machines Repaired . | . . . . . . . . . . . . Machines Dismantled 1 | . . . . . . . . . . 1 . Machines Sabotaged . | . . . . . . . . . . . . Overloaded Fab Kills . | . . . . . . . . . . . . Hacking | -11 -10 -10 -9 -9 -9 -8 -8 -8 -8 -7 -7 --------- Run | Yrd Mat Min Mat Min Exi Min Mat Sto Gar Fac Was Machines Accessed 32 | . 2 . 3 . 2 . 7 7 . 11 . Terminals 20 | . 2 . 2 . . . 6 5 . 5 . Fabricators 3 | . . . . . . . . . . 3 . Repair Stations 3 | . . . . . . . 1 1 . 1 . Recycling Units . | . . . . . . . . . . . . Scanalyzers 2 | . . . 1 . . . . . . 1 . Garrison Access 2 | . . . . . . . . 1 . 1 . Total Hacks 84 | . 7 . 6 . 6 . 16 26 . 23 . Successful 50 | . 2 . 1 . 6 . 10 20 . 11 . Failed 34 | . 5 . 5 . . . 6 6 . 12 . Catastrophic 11 | . 2 . 3 . . . 2 . . 4 . Database Lockouts . | . . . . . . . . . . . . Manual 52 | . 7 . 5 . 1 . 12 12 . 15 . Terminals 52 | . 7 . 5 . . . 13 15 . 12 . Fabricators 4 | . . . . . . . . . . 4 . Repair Stations 15 | . . . . . . . 3 10 . 2 . Recycling Units . | . . . . . . . . . . . . Scanalyzers 5 | . . . 1 . . . . . . 4 . Garrison Access 2 | . . . . . . . . 1 . 1 . Terminal Hacks 21 | . 2 . . . 6 . 7 5 . 1 . Record 5 | . . . . . 5 . . . . . . Part Schematic 2 | . 2 . . . . . . . . . . Open Door 2 | . . . . . . . . 2 . . . Branch Access Points 1 | . . . . . . . 1 . . . . Terminal Index 1 | . . . . . . . . 1 . . . Hauler Manifests 1 | . . . . . . . 1 . . . . Registered Components 2 | . . . . . . . 1 . . 1 . Zone Layout 6 | . . . . . . . 4 2 . . . Proto ID Catalog 1 | . . . . . 1 . . . . . . Fabricator Hacks 2 | . . . . . . . . . . 2 . Load Schematic 1 | . . . . . . . . . . 1 . Build 1 | . . . . . . . . . . 1 . Repair Station Hacks 10 | . . . . . . . 2 8 . . . Scan Component 5 | . . . . . . . 1 4 . . . Repair 5 | . . . . . . . 1 4 . . . Recycling Unit Hacks . | . . . . . . . . . . . . Scanalyzer 4 | . . . 1 . . . . . . 3 . Insert Component 1 | . . . . . . . . . . 1 . Analyze 2 | . . . . . . . . . . 2 . Retrieve Study 1 | . . . 1 . . . . . . . . Garrison Access Hacks 2 | . . . . . . . . 1 . 1 . Unlock Access 1 | . . . . . . . . 1 . . . Seal Access 1 | . . . . . . . . . . 1 . Unauthorized Hacks 11 | . . . . . . . 1 6 . 4 . Terminals 9 | . . . . . . . 1 6 . 2 . Botnet 6 | . . . . . . . 1 3 . 2 . Skim 3 | . . . . . . . . 3 . . . Fabricators 1 | . . . . . . . . . . 1 . Haulers 1 | . . . . . . . . . . 1 . Repair Stations 1 | . . . . . . . . . . 1 . Patch 1 | . . . . . . . . . . 1 . Recycling Units . | . . . . . . . . . . . . Scanalyzers . | . . . . . . . . . . . . Garrison Access . | . . . . . . . . . . . . Data Cores Recovered 2 | . . . 1 . . . . 1 . . . Used . | . . . . . . . . . . . . Hacking Detections 21 | . 2 . 2 . . . 5 3 . 9 . Full Trace Events 3 | . 1 . . . . . . 1 . 1 . Feedback Events . | . . . . . . . . . . . . Feedback Blocked . | . . . . . . . . . . . . Robot Schematics Acquired . | . . . . . . . . . . . . Robots Built . | . . . . . . . . . . . . Authchips . | . . . . . . . . . . . . Time . | . . . . . . . . . . . . Total Robot Build Rating . | . . . . . . . . . . . . Part Schematics Acquired 3 | . 2 . . . . . . . . 1 . Parts Built 1 | . . . . . . . . . . 1 . Authchips . | . . . . . . . . . . . . Time 51 | . . . . . . . . . . 51 . Total Part Build Rating 1 | . . . . . . . . . . 1 . Part Studies Acquired 1 | . . . 1 . . . . . . . . Parts Repaired 5 | . . . . . . . 1 4 . . . Time 170 | . . . . . . . 32 138 . . . Parts Recycled . | . . . . . . . . . . . . Recycled Matter . | . . . . . . . . . . . . Retrieved Matter . | . . . . . . . . . . . . Retrieved Components . | . . . . . . . . . . . . Parts Scanalyzed 1 | . . . . . . . . . . 1 . Part Schematics Acquired 1 | . . . . . . . . . . 1 . Parts Damaged . | . . . . . . . . . . . . Bothacking | -11 -10 -10 -9 -9 -9 -8 -8 -8 -8 -7 -7 ------------ Run | Yrd Mat Min Mat Min Exi Min Mat Sto Gar Fac Was Used RIF Installer . | . . . . . . . . . . . . Robots Hacked 1 | . . . . . . . . . . 1 . Non-combat 1 | . . . . . . . . . . 1 . Combat . | . . . . . . . . . . . . Robot Hacks Applied 1 | . . . . . . . . . . 1 . find_chute 1 | . . . . . . . . . . 1 . Relay Couplers Released 8 | . . . . . . . . . 8 . . Machine Destruction 8 | . . . . . . . . . 8 . . Fabnet Peak Effective % . | . . . . . . . . . . . . Robots Rewired . | . . . . . . . . . . . . Allies Hacked . | . . . . . . . . . . . . Hacks Repelled . | . . . . . . . . . . . . Allies | -11 -10 -10 -9 -9 -9 -8 -8 -8 -8 -7 -7 -------- Run | Yrd Mat Min Mat Min Exi Min Mat Sto Gar Fac Was Total Allies . | . . . . . . . . . . . . Largest Group . | . . . . . . . . . . . . Highest-Rated Group . | . . . . . . . . . . . . Highest-Rated Ally . | . . . . . . . . . . . . Initial Warlord ECA Mod 2 | . . . . . . . . . . 2 2 Total Orders 5 | . . . . . . . . 2 3 . . EXPLORE 3 | . . . . . . . . 2 1 . . RETURN 2 | . . . . . . . . . 2 . . Ally Attacks . | . . . . . . . . . . . . Total Damage . | . . . . . . . . . . . . Kills . | . . . . . . . . . . . . Allies Corrupted . | . . . . . . . . . . . . Allies Melted . | . . . . . . . . . . . . Intel | -11 -10 -10 -9 -9 -9 -8 -8 -8 -8 -7 -7 ------- Run | Yrd Mat Min Mat Min Exi Min Mat Sto Gar Fac Was Active Infowar (turns) 3191 | . . . . . . . . . . 2976 215 Sensors 3023 | . . . . . . . . . . 2808 215 Structural 887 | . . . . . . . . . . 887 . Robot Analysis Total . | . . . . . . . . . . . . Derelict Logs Recovered 1 | . . . . 1 . . . . . . . Drone Launches 6 | . . . . . . . . 2 4 . . Drone Recoveries 4 | . . . . . . . . . 4 . . Exploration | -11 -10 -10 -9 -9 -9 -8 -8 -8 -8 -7 -7 ------------- Run | Yrd Mat Min Mat Min Exi Min Mat Sto Gar Fac Was Turns Passed 11266 | 67 906 214 1145 1197 692 185 1533 1339 790 2981 217 Spaces Moved 5411 | 37 440 114 507 684 422 110 671 525 336 1494 71 Core 2 | 2 . . . . . . . . . . . Treads 5271 | 35 440 114 507 684 422 110 671 525 336 1356 71 Legs . | . . . . . . . . . . . . Wheels 138 | . . . . . . . . . . 138 . Hover . | . . . . . . . . . . . . Flight . | . . . . . . . . . . . . Fastest Speed 50 | 50 160 160 160 160 160 160 148 148 151 115 157 Average Speed 155 | 154 160 160 160 160 160 160 154 149 153 151 158 Slowest Speed 240 | 160 160 160 160 160 160 160 160 151 157 160 240 Overloaded Moves . | . . . . . . . . . . . . Propulsion Burnouts . | . . . . . . . . . . . . Robots Hopped . | . . . . . . . . . . . . Potential Cave-ins 6 | . . . . . . . . . . . 6 Cave-ins Triggered . | . . . . . . . . . . . . Exploration Rate (%) 46 | 3 70 23 37 94 61 34 61 60 35 39 37 Regions Visited 11 Branch Regions 5 Pre-discovered Areas 1 | . . . . . 1 . . . . . . Known Exits Taken 2 | . . . . . . . 1 1 . . . Unknown Exits Taken 7 | 1 1 1 1 1 1 1 . . . . . Scrap Searched 5 | . . 1 . 4 . . . . . . . Spaces Dug 54 | . . . . . . . 5 7 . 38 4 Terrain Destroyed 332 | . 32 . 14 21 . . 7 25 88 38 107 Melee 54 | . . . . . . . 5 7 . 38 4 Projectile . | . . . . . . . . . . . . AOE 278 | . 32 . 14 21 . . 2 18 88 . 103 Terrain Rammed . | . . . . . . . . . . . . Walls Destroyed . | . . . . . . . . . . . . Machines Disabled . | . . . . . . . . . . . . Actions | -11 -10 -10 -9 -9 -9 -8 -8 -8 -8 -7 -7 --------- Run | Yrd Mat Min Mat Min Exi Min Mat Sto Gar Fac Was Total 7325 | 44 533 126 689 761 441 113 1001 963 504 2018 132 Wait 926 | . 21 . 33 32 . . 140 333 82 262 23 Move 5402 | 36 439 113 506 683 421 109 670 525 335 1494 71 Hop . | . . . . . . . . . . . . Pick Up 120 | 2 8 2 21 7 8 1 23 7 3 37 1 Fast Attach 63 | 6 4 . 8 5 3 . 10 8 1 15 3 Attach 20 | . 1 . 2 2 . . . 2 3 10 . Detach . | . . . . . . . . . . . . Swap 86 | . 1 . 6 2 1 . 19 6 9 39 3 Drop 142 | . 4 1 28 8 8 . 33 13 1 42 4 Fire 214 | . 55 10 85 21 . . 7 . 12 1 23 Melee 344 | . . . . 1 . 3 98 68 58 112 4 Ram . | . . . . . . . . . . . . Kick . | . . . . . . . . . . . . Crush 2 | . . . . . . . 1 1 . . . Escape Stasis . | . . . . . . . . . . . . Rewire . | . . . . . . . . . . . . Trap . | . . . . . . . . . . . . Miscellaneous 6 | . . . . . . . . . . 6 . Route ------- -11/Scrapyard -10/Materials (discovered 4 exits: *Mat x2 / [*Min x2]) -10/Mines -9/Materials (discovered 2 exits: *Mat / [*Min]) -9/Mines (discovered 3 exits: *Mat x2 / *Exi) -9/Exiles -8/Mines -8/Materials (discovered 2 exits: *Fac / *Sto) -8/Storage (discovered 3 exits: *Fac / [*Rec] / Gar) -8/Garrison -7/Factory (discovered 2 exits: *Low x2) -7/Waste History --------- Turn | Location | Event 2 | -11/Scrapyard | Met Revision 17 9 | -11/Scrapyard | Discovered new exit (range 15) 68 | -11/Scrapyard | Entered Materials 211 | -10/Materials | Discovered new exit (range 9) 311 | -10/Materials | Build established: Mutant 375 | -10/Materials | Discovered new exit (range 7) 668 | -10/Materials | Derelicts attacked the area 848 | -10/Materials | Discovered new exit (range 16) 936 | -10/Materials | Discovered new exit (range 8) 974 | -10/Materials | Entered Mines 1087 | -10/Mines | Discovered new exit (range 13) 1188 | -10/Mines | Entered Materials 1188 | -9/Materials | Evolved 2 slots: Propulsion x2 1428 | -9/Materials | Discovered new exit (range 12) 1706 | -9/Materials | Discovered new exit (range 16) 2158 | -9/Materials | System corruption reached 10% 2333 | -9/Materials | Entered Mines 2338 | -9/Mines | Build established: Scavenger-Mutant 2393 | -9/Mines | Core integrity fell below 50% 2864 | -9/Mines | Learned Materials terminal intel 2961 | -9/Mines | Joined a pair of Derelicts in attacking an 0b10 outpost 3137 | -9/Mines | Received a Rocket Launcher from a helpful Derelict 3192 | -9/Mines | Discovered new exit (range 6) 3294 | -9/Mines | Discovered new exit (range 8) 3392 | -9/Mines | A weapon hastily lodged in a ceiling crevice suddenly fell to the ground 3523 | -9/Mines | Deemed a non-threat by the Exiles lab entrance 3523 | -9/Mines | Discovered new exit (range 5) 3530 | -9/Mines | Entered Exiles 3569 | -9/Exiles | Met 8R-AWN 3599 | -9/Exiles | Met EX-HEX 3649 | -9/Exiles | Met EX-BIN 3670 | -9/Exiles | Aligned with FarCom system 3671 | -9/Exiles | Given EX-Vault access code 3708 | -9/Exiles | Opened EX-Vault 3718 | -9/Exiles | Found Supersonic Drone Bay 3723 | -9/Exiles | Found AWS/Gauss 3740 | -9/Exiles | Found Cloak of Protection 3793 | -9/Exiles | Warned to stay clear of 0b10 Research branches 3836 | -9/Exiles | Met EX-DEC 3845 | -9/Exiles | Learned location of Zion (-6) 4201 | -9/Exiles | Discovered new exit (range 14) 4222 | -9/Exiles | Stole three prototypes: Cloak of Protection, Supersonic Drone Bay, AWS/Gauss 4222 | -9/Exiles | Entered Mines 4360 | -8/Mines | Discovered new exit (range 16) 4407 | -8/Mines | Entered Materials 4407 | -8/Materials | Evolved 2 slots: Propulsion x1, Utility x1 4408 | -8/Materials | Loaded intel: 11 terminal locations 4466 | -8/Materials | Discovered new exit (range 14) 5308 | -8/Materials | Repaired Plasma Cutter 5498 | -8/Materials | Discovered new exit (range 12) 5781 | -8/Materials | Identified exit to Storage 5834 | -8/Materials | Build established: Mutant 5940 | -8/Materials | Entered Storage 5942 | -8/Storage | FarCom data flow suspended 6263 | -8/Storage | Used back door to open Recycling access 6263 | -8/Storage | Discovered new exit (range 5) 6354 | -8/Storage | Build established: Gladiator 6595 | -8/Storage | Repaired Corrupted Lgt. Treads 6635 | -8/Storage | Repaired Adv. Treads 6662 | -8/Storage | Repaired Lgt. Treads 6700 | -8/Storage | Repaired Adv. Treads 6973 | -8/Storage | Discovered new exit (range 15) 7192 | -8/Storage | Garrison activated, responded to threat 7279 | -8/Storage | Identified exit to Garrison 7279 | -8/Storage | Entered Garrison 7407 | -8/Garrison | Triggered checkpoint 7444 | -8/Garrison | Garrison Relay disabled 7479 | -8/Garrison | Triggered checkpoint 7504 | -8/Garrison | Core integrity fell below 50% 7615 | -8/Garrison | Triggered checkpoint 7679 | -8/Garrison | Triggered checkpoint 7729 | -8/Garrison | Garrison Relay disabled 7731 | -8/Garrison | Lost 3 parts (3n) 7764 | -8/Garrison | Discovered new exit (range 10) 7813 | -8/Garrison | Triggered checkpoint 7983 | -8/Garrison | Phase Generator disabled 8069 | -8/Garrison | Entered Factory 8069 | -7/Factory | Evolved 2 slots: Utility x2 8337 | -7/Factory | Fabricated Cargo Storage Unit? 8370 | -7/Factory | Discovered new exit (range 6) 8376 | -7/Factory | Identified exit to Lower Caves 9953 | -7/Factory | Discovered exit to Lower Caves (range 4) 11050 | -7/Factory | Manually triggered Chute Trap 11050 | -7/Factory | Sucked down chute 11050 | -7/Factory | Entered Waste 11105 | -7/Waste | Spotted C-40 Crusher 11124 | -7/Waste | Spotted C-40 Crusher 11128 | -7/Waste | Destroyed C-40 Crusher 11137 | -7/Waste | Destroyed C-40 Crusher 11201 | -7/Waste | Spotted C-40 Crusher 11201 | -7/Waste | Spotted C-40 Crusher 11213 | -7/Waste | Spotted C-40 Crusher 11246 | -7/Waste | Destroyed C-40 Crusher 11260 | -7/Waste | Crushed by Compactor (1 part destroyed, 1 dropped) 11263 | -7/Waste | Crushed by Compactor (1 part destroyed, 2 dropped) 11265 | -7/Waste | Crushed by Compactor (1 part destroyed, 2 dropped) 11266 | -7/Waste | Crushed by Compactor (1 part destroyed) 11267 | -7/Waste | Self-destructed Last Messages --------------- 11260_ Med. Treads crushed. 11263_ Huge Storage Unit crushed. 11263_ Lgt. Treads destroyed. 11264_ Med. Matter Pod crushed. 11265_ The unstable cave ceiling collapses. 11265_ Imp. Grenade Launcher destroyed. 11265_ Destroyed Imp. Grenade Launcher. 11265_ Mic. Nuclear Core destroyed. 11265_ Destroyed Mic. Nuclear Core. 11265_ Cloak of Protection crushed. 11265_ Med. Treads crushed. 11265_ Imp. Melee Analysis Suite crushed. 11265_ Imp. Sensor Array crushed. 11265_ Matter Filter crushed. 11266_ The unstable cave ceiling collapses. 11266_ Adv. Treads crushed. 11266_ Chainsword crushed. 11266_ Matter Filter crushed. 11266_ Lgt. Treads crushed. 11266_ Imp. Signal Interpreter crushed. Map ----- +----------------------------------------------------+ | ?????????????????????????????????????????????? | | ?????????????????????????????????????????????? | | ?????????????????????????????????????????????? | | ???????????????????????????? ???????? ????? | | ???????????????????????????# ???????? ??? | | ???????????????????????????# #??????# # | | ?????????????????????????### ###??## | | ?????????????????????????# ??? | | ?????????????????????????# ??? | | ?????????????????????????? ??? | | ??????????????????????????? ???? | | ???????????????????????????# #???## # | | ???????????????????????????# #???# | | ???????????????????????????# #??## | | ???????????????????????????# #??# | | ?????????????????????????### #### # | | ?????????????????????????# | | ?????????????????????????# #? | | ?????????????????????????# #? | | ????????????????????###### #? | | ???????????????????## # # ####### #? | | ?????????????####### # # ##???? #? | | ?????????????# ! #????? #? | | ?????????????# / / # #?????? #? | | ?????????????# !/!CC ######??? #? | | ?????????????# =!@CC #? | | ?????????????# *!]CC #? | | ?????????????# !/CC ?? | | ?????????????# ?? | | ?????????????# ####### ??? | | ?????????????# = # # #??????? ??? | | ?????????????# #???????????? | | ?????????????######### # # #???????????? | | ?????????????????????#### ## ##???????????? | | ????????????????????????#########????????????? | | ?????????????????????????????????????????????? | | ?????????????????????????????????????????????? | | ?????????????????????????????????????????????? | | ?????????????????????????????????????????????? | | ?????????????????????????????????????????????? | | ?????????????????????????????????????????????? | | ?????????????????????????????????????????????? | | ?????????????????????????????????????????????? | | ?????????????????????????????????????????????? | | ?????????????????????????????????????????????? | | ?????????????????????????????????????????????? | | ?????????????????????????????????????????????? | | ?????????????????????????????????????????????? | | ?????????????????????????????????????????????? | | ?????????????????????????????????????????????? | +----------------------------------------------------+ Best States ------------- Heat Dissipation 38 Energy Generation 23 Energy Capacity 280 Matter Stores 316 Matter Capacity 400 Sight Range 16 Robot Scan Range 15 Terrain Scan Density 10 Armor Coverage 450 Core Shielding 20 Propulsion Shielding 66 Evasion (%) 40 Targeting Accuracy 5 Melee Accuracy 6 Recoil Reduction 5 Matter Filtering 30 Item Schematics ----------------- Cargo Storage Unit | -10/Materials | Hacked Huge Storage Unit | -10/Materials | Hacked Adv. Treads | -7/Factory | Scanalyzed Robot Schematics ------------------ None Fabricated ------------ Cargo Storage Unit | x1 | -7/Factory Repaired ---------- Plasma Cutter | 60% | -8/Materials Lgt. Treads | 73% | -8/Storage | Corrupted Adv. Treads | 17% | -8/Storage Lgt. Treads | 37% | -8/Storage Adv. Treads | 74% | -8/Storage Studied --------- Wheel | -9/Materials | Hacked Alien Tech Used ----------------- None Achievements -------------- Morally Flexible Challenges ------------ None Game ------ Seed BlanketClaymoresDetonator Manual? 0 Play Time 01:14:36 Cumulative 509.2 hours Start 2026.07.28 @ 15:29:56 End 2026.07.28 @ 21:37:36 Sessions 5 Manual Loads 0 Difficulty Rogue Special Mode None Game No. 450 Rogue 450 Adventurer 0 Explorer 0 Win Type - Total 13 Types 7/0/3/1/0/0/0/1/0/1 Lore% 63 Gallery% 70 Achievement% 67 Wizard Run 0 Options --------- Layout 1 ASCII 0 Keyboard 0 Movement Mouse Keybinds 0 Fullscreen 2 Font 24/Cog Map View 25x17 Zoom Use 16% Tactical HUD 1 Map Filters NONE Filters NONE Steam 1 RUN: 8c708f61-5019-482e-a2d9-01d950e73bb7